 Dungeon Crawl Stone Soup version 0.22.0-27-ga576289 (webtiles) character file.

117 Amnesiac the Gusty (level 4, -1/30 HPs)
             Began as a Mummy Air Elementalist on Aug 21, 2018.
             Slain by an orc priest (2 damage)
             ... on level 2 of the Dungeon.
             The game lasted 00:03:43 (1892 turns).

Amnesiac the Gusty (Mummy Air Elementalist)         Turns: 1892, Time: 00:03:43

Health: -1/30      AC:  2    Str: 11    XL:     4   Next: 71%
Magic:  0/9        EV: 12    Int: 15    God:
Gold:   46         SH:  0    Dex: 12    Spells: 3/10 levels left

rFire    x . .     SeeInvis .   (no weapon)
rCold    + . .     Gourm    .   (no shield)
rNeg     + + +     Faith    .   a - +0 robe
rPois    ∞         Spirit   .   (no helmet)
rElec    .         Reflect  .   (no cloak)
rCorr    .         Harm     .   (no gloves)
MR       .....                  (no boots)
Stlth    ++........             (no amulet)
HPRegen  0.10/turn              (no ring)
MPRegen  0.11/turn              (no ring)

@: very slightly contaminated
A: no food or potions, fire vulnerability, cold resistance 1, negative energy
resistance 3, torment resistance, unbreathing
a: no special abilities


You were on level 2 of the Dungeon.
You were not hungry.

You visited 1 branch of the dungeon, and saw 3 of its levels.

You collected 46 gold pieces.

Inventory:

Armour
 a - a +0 robe (worn)
Scrolls
 b - a scroll of remove curse {!r, unknown}
 c - 2 scrolls of identify {!r, unknown}
 d - a scroll of fog {!r, unknown}
 e - a scroll of enchant armour {!r, unknown}


   Skills:
 - Level 1.5 Dodging
 - Level 1.5 Stealth
 + Level 3.9 Spellcasting
 - Level 0.7 Conjurations
 * Level 4.1 Air Magic


You had 3 spell levels left.
You knew the following spells:

 Your Spells              Type           Power        Failure   Level  Hunger
a - Shock                 Conj/Air       ##..         7%          1    N/A
d - Airstrike             Air            ###.......   32%         4    N/A
z - Swiftness             Chrm/Air       #.......     12%         2    N/A

Your spell library contained the following spells:

 Spells                   Type           Power        Failure   Level  Hunger
 Static Discharge         Conj/Air       ##......     21%         3    N/A
 Lightning Bolt           Conj/Air       ##........   88%         5    N/A

Dungeon Overview and Level Annotations

Branches:
Dungeon (3/15)

Altars:


Innate Abilities, Weirdness & Mutations

You do not eat or drink.
Your flesh is vulnerable to fire.
You are immune to poison.
Your flesh is cold resistant. (rC+)
You are immune to negative energy. (rN+++)
You are immune to unholy pain and torment.
You can survive without breathing.


Message History

Aim: an orc priest, wearing a leather armour (heavily wounded)
You miscast Shock.
You are very lightly contaminated with residual magic.
Nothing appears to happen.
The orc priest hits you.
An orc priest is nearby!
Casting: Shock (safe; 7% risk of failure)
Confirm with . or Enter, or press ? or * to list all spells.
Aiming: Shock (safe; 7% risk of failure)
Press: ? - help, Shift-Dir - straight line, f/p - orc priest
Aim: an orc priest, wearing a leather armour (heavily wounded)
The zap hits the orc priest.
The orc priest appears unharmed.
The orc priest is heavily wounded.
The zap hits the orc priest.
The orc priest is almost dead.
The orc priest barely misses you.
Casting: Shock (safe; 7% risk of failure)
Confirm with . or Enter, or press ? or * to list all spells.
Aiming: Shock (safe; 7% risk of failure)
Press: ? - help, Shift-Dir - straight line, f/p - orc priest
Aim: an orc priest, wearing a leather armour (almost dead)
The zap hits the orc priest.
The orc priest appears unharmed.
The orc priest is almost dead.
The zap hits the orc priest.
The orc priest is almost dead.
The orc priest closely misses you.
Casting: Shock (safe; 7% risk of failure)
Confirm with . or Enter, or press ? or * to list all spells.
Aiming: Shock (safe; 7% risk of failure)
Press: ? - help, Shift-Dir - straight line, f/p - orc priest
Aim: an orc priest, wearing a leather armour (almost dead)
The zap hits the orc priest.
The orc priest appears unharmed.
The orc priest is almost dead.
The zap hits the orc priest.
The orc priest appears unharmed.
The orc priest is almost dead.
The orc priest invokes the aid of Beogh against you.
Beogh smites you!
* * * LOW HITPOINT WARNING * * *
Casting: Shock (safe; 7% risk of failure)
Confirm with . or Enter, or press ? or * to list all spells.
You don't have enough magic to cast that spell.
Casting: Shock (safe; 7% risk of failure)
Confirm with . or Enter, or press ? or * to list all spells.
You don't have enough magic to cast that spell.
Casting: Shock (safe; 7% risk of failure)
Confirm with . or Enter, or press ? or * to list all spells.
You don't have enough magic to cast that spell.
You hit the orc priest but do no damage.
The orc priest is almost dead.
The orc priest barely misses you.
You barely miss the orc priest.
The orc priest is almost dead.
The orc priest hits you.
* * * LOW HITPOINT WARNING * * *
You closely miss the orc priest.
The orc priest is almost dead.
The orc priest miscasts a cantrip.
You hit the orc priest.
The orc priest is almost dead.
The orc priest closely misses you.
Unknown command.
You barely miss the orc priest.
The orc priest is almost dead.
The orc priest hits you.
You die...

... #..#....o# #....#.# #
.....###..#..##.###+##....#'#..
..†......#.. #......#........#
....#.#..# #......#........#
#+#.#.#..### #......#........#
#.#.#....###.#'#'##....#.#.#
#.#.##.#.....#.#.##....#.#.#
#.#.##.#######.#.##....#.#.#
####.#.##.....@o..#..+....+.#.#
+...............######....###.
####.#.#........# #........
#.#.#........# #.#######
#.#.###'###########.#
#.....)....)......#o#
###.###.#########.#.#
#.#......)......#.#
#.#.#...........#.########


You could see an orc priest.

Vanquished Creatures
  An orc priest (D:2)
  4 gnolls (D:2)
  An ooze (D:1)
  A worm (D:2)
  A dart slug (D:1)
  5 orcs
  6 bats
  A giant cockroach (D:3)
  6 goblins
  A hobgoblin (D:2)
  4 kobolds
  A ball python (D:2)
  7 rats
39 creatures vanquished.

Notes
Turn   | Place    | Note
-------+----------+-------------------------------------------
     0 | D:1      | Amnesiac the Mummy Air Elementalist began the quest for the Orb.
     0 | D:1      | Reached XP level 1. HP: 13/13 MP: 4/4
    86 | D:1      | Reached XP level 2. HP: 19/19 MP: 1/5
   143 | D:1      | Learned a level 2 spell: Swiftness
   165 | D:1      | Reached skill level 3 in Air Magic
   787 | D:2      | Reached XP level 3. HP: 24/24 MP: 3/7
  1427 | D:2      | Reached XP level 4. HP: 27/30 MP: 5/9
  1432 | D:2      | Reached skill level 4 in Air Magic
  1441 | D:2      | Learned a level 4 spell: Airstrike
  1889 | D:2      | HP: 1/30 [orc priest (4)]
  1892 | D:2      | Slain by an orc priest

Skill      XL: |  1  2  3  4 |
---------------+-------------+-----
Air Magic      | 3 4 |  4.1
Spellcasting   | 3 |  3.9
Dodging        | |  1.5
Stealth        | |  1.5
Conjurations   | |  0.7

Action                   |  1- 3 |  4- 6 || total
-------------------------+-------+-------++-------
Melee: Unarmed           |     5 |     5 ||    10
 Cast: Shock             |    57 |    28 ||    85
  Use: Scroll            |     1 |     1 ||     2
Armor: Robe              |     9 |     1 ||    10
Dodge: Dodged            |    39 |    11 ||    50
